 Dungeon Crawl Stone Soup version 0.28.0-53-g5a82cb258f (webtiles) character file.

Game seed: 18000487529439533754

2719 Zeld the Thaumaturge (level 9, -12/45 HPs)
             Began as a Gargoyle Conjurer on May 31, 2022.
             Mangled by Duvessa
             ... wielding a +3 short sword
              (18 damage)
             ... on level 6 of the Dungeon.
             The game lasted 00:12:37 (9159 turns).

Zeld the Thaumaturge (Gargoyle Conjurer)            Turns: 9159, Time: 00:12:38

Health: -12/45     AC:  9    Str: 10    XL:     9   Next: 66%
Magic:  8/23       EV: 11    Int: 24    God:
Gold:   137        SH:  0    Dex:  8    Spells: 17/28 levels left

rFire   . . .      SeeInvis .   a - +1 whip (freeze)
rCold   . . .      Faith    .   (no shield)
rNeg    + . .      Spirit   .   i - +0 robe
rPois   ∞          Reflect  .   (no helmet)
rElec   +          Harm     .   u - +0 cloak
rCorr   .          Rampage  .   (no gloves)
Will    .....                   (no boots)
Stlth   ++........              (no amulet)
HPRegen 0.15/turn               (no ring)
MPRegen 0.18/turn               (no ring)

@: no status effects
A: sickness immunity, AC +6, negative energy resistance 1, electricity
resistance, torment resistance 1, petrification resistance
a: no special abilities


You were on level 6 of the Dungeon.
You visited 1 branch of the dungeon, and saw 8 of its levels.
You also visited: Sewer.

You collected 303 gold pieces.
You spent 166 gold pieces at shops.

Inventory:

Hand Weapons
 a - a +1 whip of freezing (weapon)
Missiles
 c - 40 arrows
 h - 75 bolts
Armour
 i - a +0 robe (worn)
 u - a +0 cloak (worn)
Wands
 w - a wand of flame (11)
Scrolls
 e - a scroll of brand weapon
 g - a scroll of identify
 m - a scroll of enchant armour
 q - 3 scrolls of amnesia
 r - a scroll of silence
 y - a scroll of fear
Potions
 b - 3 potions of brilliance {unknown}
 d - a potion of berserk rage {unknown}
 f - 3 potions of degeneration {unknown}
 j - 3 potions of haste {unknown}
 k - 3 potions of might {unknown}
 l - 2 potions of cancellation {unknown}
 o - a potion of curing {unknown}
 p - 2 potions of mutation {unknown}
 s - a potion of invisibility {unknown}
 z - 2 potions of magic {unknown}


   Skills:
 - Level 1.5 Dodging
 - Level 2.1 Stealth
 * Level 10.2 Spellcasting
 - Level 8.0 Conjurations
 - Level 2.0 Hexes
 - Level 2.0 Translocations


You had 17 spell levels left.
You knew the following spells:

 Your Spells              Type           Power      Damage    Failure   Level
a - Magic Dart            Conj           100%       1d8       1%          1
b - Searing Ray           Conj           100%       2d8       1%          2
c - Fulminant Prism       Conj/Hex       18%        3d11      7%          4
d - Iskenderun's Mystic   Conj/Tloc      36%        2d9       7%          4

Your spell library contained the following spells:

 Spells                   Type           Power      Damage    Failure   Level
 Dazzling Flash           Conj/Hex       72%        N/A       1%          3
 Apportation              Tloc           42%        N/A       2%          1
 Animate Skeleton         Necr           24%        N/A       5%          1
 Summon Small Mammal      Summ           48%        N/A       5%          1
 Corpse Rot               Necr/Air       24%        N/A       8%          2
 Poisonous Vapours        Pois/Air       24%        N/A       8%          2


Dungeon Overview and Level Annotations

Branches:
Dungeon (8/15)              Sewer (visited)
 Temple: D:4-7         Lair: D:8-11

Altars:
Kikubaaqudgha

Shops:
D:3 *

Annotations:
D:6 Duvessa


Innate Abilities, Weirdness & Mutations

You are immune to sickness and miasma.
Your stone body is resilient. (AC +6)
You are immune to poison.
You resist negative energy. (rN+)
You are resistant to electric shocks. (rElec)
You are resistant to unholy torment.
You are immune to petrification.


Message History

The orc throws a throwing net.
The throwing net closely misses you. Something hits you.
The orc wizard misses you. Something hits you but does no damage.
You climb upwards.
Level annotation: Duvessa Reactivating autopickup.
Duvessa hits you but does no damage.
There is a stone staircase leading down here.
Deactivating autopickup; reactivate with Ctrl-A.
You closely miss something. Duvessa barely misses you.
The orc wizard closely misses you.
You hear some strange, mumbled words.
A puff of flame appears from out of thin air!
The puff of flame hits you. Something hits you but does no damage.
Unknown command.
You closely miss something. Duvessa hits you with a +3 short sword!
The orc wizard hits you with a +0 dagger.
Something hits you.
* * * LOW HITPOINT WARNING * * *
Duvessa barely misses you. Something hits you.
* * * LOW HITPOINT WARNING * * *
Unknown command.
You closely miss something. Duvessa hits you with a +3 short sword.
* * * LOW HITPOINT WARNING * * *
The orc wizard points at you and mumbles some strange words.
You easily resist.
Something hits you but does no damage. x2
Duvessa hits you with a +3 short sword.
* * * LOW HITPOINT WARNING * * *
Unknown command.
Okay, then.
As you read the scroll of fear, it crumbles to dust.
You assume a fearsome visage.
The orc wizard looks frightened!
Duvessa is unaffected.
The orc wizard casts a spell.
The orc wizard flickers and vanishes!
Duvessa hits you with a +3 short sword.
* * * LOW HITPOINT WARNING * * *
Unknown command.
Unknown command.
Duvessa hits you with a +3 short sword!!
You die...

###########..## #......
.........##...# #......
.........##.#.# ##......
...?.....##.#.# ###[......
.........#..#.# #(........
............#.# ##.#######.
.........#....#########..# #.
...........##.....{.....## #.
###.#####.###.#.@..###########
#. # #.#
#......e##.......(...# #.
###.# #..###..###..^......>#
#. ..).# ##.>#
##..##..........# #. ##..#
#..## ##.##..........# #.
##..####..# #.##..........###.
#.e....e..# #.##############..
#.###.##.## #.## #.# [.#
#.##.# #..# #.#


You could see Duvessa (berserk).

Vanquished Creatures
  Pikel (D:4)
  A steam dragon (D:6)
  Menkaure (D:5)
  Edmund (D:4)
  2 sky beasts (D:6)
  A black bear (D:6)
  A hornet zombie (D:5)
  An ice beast (D:7)
  An ogre (D:5)
  A necrophage (D:4)
  A centaur (D:6)
  A phantom (D:6)
  3 lemures (D:4)
  2 bullfrogs (Sewer)
  A scorpion (D:3)
  Dowan (D:6)
  2 howler monkeys (D:7)
  A bullfrog zombie (D:5)
  2 centaur zombies
  3 hounds
  An orc priest (D:6)
  Crazy Yiuf (D:4)
  A bullfrog skeleton (D:6)
  2 iguanas
  2 orc wizards (D:4)
  A killer bee zombie (D:5)
  4 gnolls (D:3)
  2 howler monkey skeletons
  A howler monkey zombie (D:6)
  15 adders
  4 river rats (Sewer)
  A white imp (D:5)
  3 worms
  6 dart slugs
  10 orcs
  18 ball pythons
  10 endoplasms
  7 giant cockroaches
  4 goblins
  5 hobgoblins
  7 jackals
  4 quokkas
  5 bats
  6 frilled lizards
  7 kobolds
  30 rats
185 creatures vanquished.

Vanquished Creatures (others)
  A plant (D:7)
1 creature vanquished.

Grand Total: 186 creatures vanquished

Notes
Turn   | Place    | Note
-------+----------+-------------------------------------------
     0 | D:1      | Zeld the Gargoyle Conjurer began the quest for the Orb.
     0 | D:1      | Reached XP level 1. HP: 10/10 MP: 3/3
   156 | D:1      | Reached XP level 2. HP: 15/15 MP: 1/5
   205 | D:1      | Learned a level 2 spell: Searing Ray
   892 | D:1      | Reached XP level 3. HP: 19/19 MP: 4/7
  1264 | D:1      | Reached skill level 3 in Spellcasting
  1803 | D:2      | Found a faded altar of an unknown god.
  1820 | D:2      | Reached skill level 5 in Conjurations
  1820 | D:2      | Reached XP level 4. HP: 11/24 MP: 1/9
  2727 | D:3      | Noticed a scorpion
  2734 | D:3      | Killed a scorpion
  2735 | D:3      | Reached skill level 4 in Spellcasting
  2735 | D:3      | Reached XP level 5. HP: 26/28 MP: 0/11
  3150 | D:3      | Found Qoritusu's Assorted Antiques.
  3166 | D:3      | Bought an orange potion for 22 gold pieces
  3166 | D:3      | Bought an emerald potion for 22 gold pieces
  3166 | D:3      | Bought a black potion for 22 gold pieces
  3166 | D:3      | Bought a scroll labelled HUTSAA CUFU for 25 gold pieces
  3829 | D:4      | Reached XP level 6. HP: 17/32 MP: 4/13
  3990 | D:4      | Learned a level 4 spell: Fulminant Prism
  3995 | D:4      | Learned a level 4 spell: Iskenderun's Mystic Blast
  4026 | D:3      | Bought a scroll labelled IWILLA IVYOTZ for 25 gold pieces
  4604 | D:4      | Noticed a necrophage
  4605 | D:4      | Found an ancient bone altar of Kikubaaqudgha.
  4606 | D:4      | Noticed Edmund
  4647 | D:4      | Killed a necrophage
  4648 | D:4      | Reached skill level 5 in Spellcasting
  4730 | D:4      | Killed Edmund
  4731 | D:4      | Reached XP level 7. HP: 21/36 MP: 3/15
  5286 | D:4      | Noticed Pikel
  5305 | D:4      | Killed Pikel
  5306 | D:4      | Reached skill level 7 in Spellcasting
  5306 | D:4      | Reached XP level 8. HP: 26/41 MP: 3/18
  5521 | D:4      | Found a runed translucent door.
  5522 | D:4      | Noticed Crazy Yiuf
  5583 | D:4      | Killed Crazy Yiuf
  5737 | D:5      | Entered Level 5 of the Dungeon
  5843 | D:3      | Bought a scroll labelled JUGINU HOLAREE for 25 gold pieces
  5843 | D:3      | Bought a scroll labelled YGGIOFAM PILY for 25 gold pieces
  5952 | D:5      | Noticed Menkaure
  5968 | D:5      | Killed Menkaure
  6402 | D:5      | Reached skill level 8 in Spellcasting
  6990 | D:6      | Reached skill level 1 in Hexes
  6990 | D:6      | Reached skill level 1 in Translocations
  7056 | D:6      | Reached XP level 9. HP: 9/45 MP: 9/21
  7317 | D:6      | Found a glowing drain.
  7354 | Sewer    | Entered a sewer
  7676 | Sewer    | Reached skill level 9 in Spellcasting
  8561 | D:6      | Noticed Dowan
  8562 | D:6      | Noticed Duvessa
  8963 | D:6      | Killed Dowan
  9114 | D:7      | Reached skill level 10 in Spellcasting
  9159 | D:6      | Mangled by Duvessa

Illustrated notes

Levels and vault maps discovered:
D:1:      lightli_arrival_windingriver, layout_basic
D:2:      layout_basic, chequers_ecumenical_altar_island
D:3:      layout_rooms, serial_shops, shop
D:4:      layout_rooms, mainiacjoe_overflow_catwalk, uniq_crazy_yiuf_cottage,
          uniq_edmund, uniq_pikel
D:5:      layout_basic, uniq_menkaure
D:6:      layout_rooms, gup_sewer_entry_glass, uniq_duvessa
D:7:      layout_layer_cave, minmay_temple_entry_gardened_gates,
          minmay_misc_feat_alley
D:8:      layout_cave_pools, erik_lair_island

Skill      XL: |  1  2  3  4  5  6  7  8  9 |
---------------+----------------------------+-----
Spellcasting   | 3 4 5 7 8 10 | 10.2
Conjurations   | 5 6 7 8 |  8.0
Hexes          | 1 2 |  2.0
Translocations | 1 2 |  2.0
Dodging        | |  1.5
Stealth        | |  2.1

Action                   |  1- 3 |  4- 6 |  7- 9 || total
-------------------------+-------+-------+-------++-------
Melee: Unarmed           |    32 |    16 |       ||    48
       Short sword       |       |    20 |     1 ||    21
       Whip              |       |       |    56 ||    56
 Cast: Magic Dart        |    15 |     6 |    33 ||    54
       Searing Ray       |    22 |    30 |    28 ||    80
       Iskenderun's Myst |       |     5 |    43 ||    48
  Use: Scroll            |       |       |    13 ||    13
 Stab: Sleeping          |       |     1 |       ||     1
Armor: Robe              |    19 |    42 |    83 ||   144
Dodge: Dodged            |    28 |    65 |    96 ||   189
